cohdb
Replays
Latest Replays
All Replays
Popular Replays
Top Player Replays
Match Explorer
How It Works
Community
CoH3 Stats
Reddit
Sign in to upload your games and track your stats! →
Sign in with Steam
Match 42954784
Unlisted
Match 42954784
Overview
Messages
Build Orders
End
Kradschützen Motorcycle Team
Selects Italian Infantry
Panzergrenadier Squad
250 Light Carrier
Construct Light Support Kompanie
Panzergrenadier Squad
Fire Support Elements
Combat Half-tracks
2.5-tonne Medical Truck
Selects Guastatori Squad
Guastatori Squad
Pak 38 Mechanized Group
Selects Defensive Operations
Construct Panzerarmee Kommand
Flak 36 Anti-tank Gun Team
Armored Reserves
Panzergrenadier Squad
Selects Prepared Positions
Selects Obice 305mm Barrage
2.5-tonne Medical Truck
Pak 38 Anti-tank Gun Team
✠Defender
IIIIIIIIIIIIIIII
raven182
oath
GRANDMOM
BloodSpark
Cons01
MERCENARYCORPS
0
0
Comments
sign in to comment!
No comments posted yet!